 Dungeon Crawl Stone Soup version 0.24.1-14-gf8d2b509d9 (webtiles) character file.

Game seed: 2961380813902193238, levelgen mode: deterministic

357 evilpenguin128 the Ducker (level 6, -3/61 HPs)
             Began as a Troll Berserker on May 31, 2020.
             Was a Believer of Trog.
             Killed from afar by Thomus's ghost (8 damage)
             ... with a magic dart
             ... on level 3 of the Dungeon.
             The game lasted 00:25:43 (3180 turns).

evilpenguin128 the Ducker (Troll Berserker)         Turns: 3180, Time: 00:25:44

Health: -3/61      AC:  6    Str: 28    XL:     6   Next: 36%
Magic:  14/14      EV: 11    Int:  8    God:    Trog [**....]
Gold:   172        SH:  0    Dex:  9    Spells: 5/5 levels left

rFire    . . .     SeeInvis .   u - +0 scythe
rCold    . . .     Gourm    +   (shield currently unavailable)
rNeg     . . .     Faith    .   r - +0 robe
rPois    .         Spirit   .   (helmet restricted)
rElec    .         Reflect  .   (no cloak)
rCorr    .         Harm     .   (gloves unavailable)
MR       .....                  (boots unavailable)
Stlth    +.........             (no amulet)
HPRegen  0.60/turn              s - ring of magical power
MPRegen  0.14/turn              (no ring)

@: brilliant, berserk cooldown, slowed, very slow
A: large, unfitting armour, claws 3, fast metabolism 3, gourmand, regeneration
1, shaggy fur 1, tough skin 3
a: Berserk, Trog's Hand, Renounce Religion


You were on level 3 of the Dungeon.
You worshipped Trog.
Trog was pleased with you.
You were very full.

You visited 1 branch of the dungeon, and saw 3 of its levels.

You collected 172 gold pieces.

Inventory:

Hand Weapons
 a - a +0 spear
 k - a +0 club
 m - a +0 whip
 q - a +2 vampiric war axe
 u - a +0 scythe (weapon)
Missiles
 e - 4 datura-tipped darts (quivered)
 h - 149 stones
 i - 58 arrows
 n - 17 poisoned darts
 o - 2 curare-tipped darts
 x - 21 sling bullets
Armour
 b - a +0 animal skin
 r - a +0 robe (worn)
 w - a +0 robe
Jewellery
 s - a ring of magical power (left claw)
Scrolls
 d - a scroll of teleportation {unknown}
 l - a scroll of remove curse {unknown}
 t - 3 scrolls of amnesia {unknown}
 v - a scroll of fear {unknown}
 y - a scroll of fog {unknown}
Potions
 f - a potion of might
 g - a potion of curing
 p - a potion of berserk rage {unknown}
 A - a potion of lignification {unknown}
 B - a potion of ambrosia {unknown}
 C - a potion of invisibility {unknown}
Comestibles
 c - 12 rations
 z - 8 chunks of flesh


   Skills:
 + Level 3.4 Fighting
 - Level 2.2(3.1) Axes
 + Level 3.3(3.6) Polearms
 - Level 1.7 Throwing
 + Level 3.6 Dodging
 - Level 0.3 Stealth


You had 5 spell levels left.
You didn't know any spells.
Your spell library was empty.

Dungeon Overview and Level Annotations

Branches:
Dungeon (3/15)

Altars:
Qazlal

Annotations:
D:3 Thomus's ghost, amateur DECj


Innate Abilities, Weirdness & Mutations

You are too large for most types of armour.
You have claws for hands.
Your metabolism is lightning-fast.
You like to eat raw meat.
Your natural rate of healing is unusually fast.
You are covered in fur. (AC +1)
You have extremely tough skin. (AC +3)


Message History

Thomus's ghost barely misses you. The crimson imp hits you.
* * * LOW HITPOINT WARNING * * *
The crimson imp closely misses you. The dart slug barely misses you.
Thomus's ghost hits you but does no damage.
The crimson imp hits you.
* * * LOW HITPOINT WARNING * * *
You bump into the translucent stone wall.
The crimson imp disappears in a puff of smoke!
The crimson imp hits you.
* * * LOW HITPOINT WARNING * * *
Thomus's ghost hits you.
* * * LOW HITPOINT WARNING * * *
The dart slug launches a dart at you. The slug dart misses you.
The crimson imp hits you.
* * * LOW HITPOINT WARNING * * *
It was a potion of brilliance.
You feel clever all of a sudden.
You feel less confused.
Thomus's ghost points at you and mumbles some strange words.
The magic dart hits you!
You die...

##### #.).# #.โ‰ˆ.# #.โ‰ˆ.#
..... #.โ‰ˆ5# ##...# #.W@#
#..... #.####w## #...#
#.......# #..# #
#####..###.###..## ## ##
#.## #.......## ##.
##...#.########....####..
........รท..............'..
###...#.########....####..
##.##.# ##.####....


You could see Thomus's ghost, a crimson imp and a dart slug.

Vanquished Creatures
  Sigmund (D:2)
  An orc priest (D:3)
  An orc wizard (D:3)
  7 adders
  2 worms (D:2)
  3 dart slugs (D:2)
  2 leopard geckos
  3 orcs (D:3)
  8 bats
  3 giant cockroaches (D:1)
  10 goblins
  5 hobgoblins
  8 jackals
  2 quokkas (D:2)
  4 frilled lizards
  A kobold (D:2)
  4 rats
  2 plants (D:1)
  3 toadstools (D:1)
70 creatures vanquished.

Vanquished Creatures (others)
  A toadstool (D:1)
1 creature vanquished.

Grand Total: 71 creatures vanquished

Notes
Turn   | Place    | Note
-------+----------+-------------------------------------------
     0 | D:1      | evilpenguin128 the Troll Berserker began the quest for the
                  | Orb.
     0 | D:1      | Reached XP level 1. HP: 22/22 MP: 0/0
   337 | D:1      | Reached XP level 2. HP: 29/29 MP: 1/1
  1464 | D:2      | Reached XP level 3. HP: 33/36 MP: 2/2
  1812 | D:2      | Reached XP level 4. HP: 44/44 MP: 3/3
  1845 | D:2      | Noticed Sigmund
  1862 | D:2      | Killed Sigmund
  1862 | D:2      | Reached ** piety under Trog
  1862 | D:2      | Reached skill level 1 in Throwing
  1862 | D:2      | Reached XP level 5. HP: 30/53 MP: 4/4
  2439 | D:2      | Reached XP level 6. HP: 58/61 MP: 5/5
  3001 | D:3      | Found a stormy altar of Qazlal.
  3144 | D:3      | Found a runed translucent door.
  3146 | D:3      | Noticed Thomus's ghost (amateur DECj)
  3180 | D:3      | Killed from afar by Thomus's ghost

Levels and vault maps discovered:
D:1:      ldierk_water_garden, layout_loops_ring, serial_forest,
          infiniplex_forest_corner_2, infiniplex_forest_3_way,
          infiniplex_forest_zigzag_1, infiniplex_forest_clump_cross,
          infiniplex_forest_lined_2, infiniplex_forest_clump_C,
          infiniplex_forest_lined_2, infiniplex_forest_lined_room_2
D:2:      layout_loops_cross, minmay_mini_jars, uniq_sigmund
D:3:      layout_loops_corners, lemuel_round_altar,
          ebering_ghost_reflecting_pool

Skill      XL: |  1  2  3  4 |
---------------+-------------+-----
Dodging        | 3 |  3.6
Fighting       | 3 |  3.4
Axes           | 2 |  2.2
Polearms       | 3 |  3.3
Throwing       | 1 |  1.7
Stealth        | |  0.3

Action                   |  1- 3 |  4- 6 || total
-------------------------+-------+-------++-------
Melee: Spear             |   176 |       ||   176
       War axe           |    30 |    16 ||    46
       Scythe            |       |   150 ||   150
Invok: Berserk           |       |     3 ||     3
  Use: Potion            |       |     2 ||     2
  Eat: Chunk             |    22 |    16 ||    38
Armor: Animal skin       |    38 |       ||    38
       Robe              |    48 |   124 ||   172
Dodge: Dodged            |   102 |   201 ||   303
